 Dungeon Crawl Stone Soup version 0.17-a0-2073-gde5cdba (webtiles) character file.

13423 brucemayne the Severer (level 11, -7/88 HPs)
             Began as a Demonspawn Berserker on Oct 14, 2015.
             Was a High Priest of Trog.
             Mangled by an orc warrior
             ... wielding a +0 short sword
              (11 damage)
             ... on level 4 of the Orcish Mines.
             The game lasted 00:28:30 (5195 turns).

brucemayne the Severer (Demonspawn Berserker)       Turns: 5195, Time: 00:28:30

Health: -7/88      AC: 16    Str: 21    XL:     11   Next: 75%
Magic:  11/11      EV:  7    Int: 14    God:    Trog [*****.]
Gold:   1249       SH:  0    Dex: 13    Spells: 0 memorised, 10 levels left

rFire  + . .     SeeInvis .     x - +0 war axe (vamp)
rCold  . . .     Clarity  .     k - +0 plate armour
rNeg   . . .     SustAt   .     (no shield)
rPois  .         Gourm    .     (helmet restricted)
rElec  .         Spirit   .     (no cloak)
rCorr  .         Warding  .     (no gloves)
rMut   .         Stasis   .     g - +2 pair of boots
MR     .....                    (no amulet)
Stlth  ..........               (no ring)
                                H - ring "Yseeleep" {rF+ Int+4}

@: not resistant to hostile enchantments, extremely unstealthy
A: antennae 2, rugged brown scales 2, clever 1, nightstalker 1, powered by death
3
a: Burn Spellbooks, Berserk, Trog's Hand, Brothers in Arms, Renounce Religion


You were on level 4 of the Orcish Mines.
You worshipped Trog.
Trog was extremely pleased with you.
You were hungry.

You visited 3 branches of the dungeon, and saw 18 of its levels.
You also visited: Bailey.

You collected 1249 gold pieces.

Inventory:

Hand Weapons
 a - a +0 hand axe
 f - a +2 whip of venom
 p - a +0 dagger of venom
 x - a +0 vampiric war axe (weapon)
 A - a cursed -3 war axe
 E - a +0 broad axe
Missiles
 n - 2 tomahawks (quivered)
 v - 4 javelins
 w - 23 tomahawks of returning
Armour
 b - a +0 animal skin
 d - a +0 scale mail
 g - a +2 pair of boots (worn)
 i - a +0 chain mail
 k - a +0 plate armour (worn)
 y - a +1 pair of gloves
Magical Staves
 r - an uncursed staff of cold {unknown}
Jewellery
 H - the ring "Yseeleep" (left hand) {rF+ Int+4}
   (You took it off a crimson imp on level 12 of the Dungeon)

   [ring of protection from fire]

   It affects your intelligence (+4).
   It protects you from fire.
Wands
 e - a wand of slowing (0)
 h - a wand of frost (11)
 m - a wand of fireball (6)
 B - a wand of flame (16)
 C - a wand of teleportation (5)
 D - a wand of frost (32)
Scrolls
 j - 2 scrolls of recharging
 l - a scroll of teleportation
 s - 2 scrolls of enchant armour
 z - a scroll of amnesia
 F - 2 scrolls of remove curse
Potions
 o - 2 potions of resistance {unknown}
 G - a potion of cure mutation {unknown}
Comestibles
 q - a bread ration
 I - a meat ration


   Skills:
 - Level 7.2 Fighting
 + Level 15.4 Axes
 - Level 4.0 Armour
 - Level 1.7 Dodging


You had 10 spell levels left.
You didn't know any spells.

Dungeon Overview and Level Annotations

Branches:
Dungeon (13/15)            Temple (1/1) D:6            Lair (0/8) D:10
    Orc (4/4) D:10            Elf (0/3) Orc:3
 Vaults: D:13-14

Altars:
Ashenzari
Elyvilon
Fedhas
Gozag
Kikubaaqudgha
Makhleb
Vehumet
Xom
Zin
The Shining One

Shops:
D:5 (   D:9 :

Portals:
Trove: D:10 (show abyssal rune of Zot)

Annotations:
D:12 Duffy's ghost, journeyman TeMo


Innate Abilities, Weirdness & Mutations

You have a pair of antennae on your head.
You are mostly covered in rugged brown scales (AC +2, +5% HP).
You are slightly more attuned to the shadows.
You regenerate a lot of health from kills.
Your mind is acute. (Int +2)


Message History

The orc knight roars a battlecry!
The orc goes into a battle-frenzy!
The orc knight roars a battlecry!
The orc knight roars a battlecry!
A two-headed ogre comes into view.
It is wielding a giant club and an enchanted dire flail.
The two-headed ogre shouts in stereo!
Found 30 gold pieces.
The orc knight hits you with a great sword!
* * * LOW HITPOINT WARNING * * *
Use which ability?
Your ogre goes berserk!
You feel somewhat more hungry.
Your ogre hits the orc warrior but does no damage.
The orc warrior barely misses your ogre.
Your ogre closely misses the orc warrior.
The orc knight completely misses you.
The orc hits your ogre but does no damage.
The orc warrior hits your ogre with a battleaxe!!
The orc warrior hits you with a short sword!
You die...

##.# ##...
.##....##
...#.....#
#........####
#........#.@###
#.......O.oo..#
#................
$.........O##.....
....#..ooo.##.##.
... #........##
##o.......
##.#........ ..
#...........


You could see an orc knight, a two-headed ogre, 2 orc warriors, an orc priest
(frenzied), 2 orcs and a friendly ogre (berserk).

Vanquished Creatures
  Snorg (D:12)
  Erica (D:10)
  The ghost of patman the Archer, a novice CeAM of Okawaru (Bailey)
  A hill giant (D:12)
  An orc sorcerer (Orc:4)
  An ugly thing (D:12)
  A cyclops (D:12)
  Joseph (D:10)
  2 centaur zombies
  A troll (D:12)
  A kobold demonologist (D:11)
  A trapdoor spider zombie (D:11)
  Prince Ribbit (D:5)
  A trapdoor spider (D:11)
  Sigmund (D:5)
  A basilisk (D:10)
  A mottled dragon (D:12)
  A shadow (D:11)
  3 vampire mosquitoes (D:12)
  A hippogriff (D:12)
  A hungry ghost (D:10)
  4 porcupines (D:10)
  2 soldier ants
  3 ice beasts
  Duvessa (D:4)
  13 orc warriors
  A phantom (D:4)
  A sky beast (D:6)
  A wasp (D:12)
  A necrophage (D:10)
  9 ogres
  5 crocodiles (D:10)
  5 centaurs
  Blork the orc (D:6)
  Dowan (D:4)
  2 scorpions
  8 killer bees
  8 wights
  5 hounds
  2 giant frog zombies
  4 crimson imps
  11 orc priests
  A centaur skeleton (D:9)
  A giant frog skeleton (D:4)
  A jelly (D:11)
  16 orc wizards
  An iguana (D:11)
  6 worker ants
  A killer bee zombie (D:6)
  5 sheep (D:10)
  A hound skeleton (D:10)
  A worker ant zombie (D:5)
  6 gnolls
  4 adders
  5 river rats (D:10)
  2 shadow imps
  An adder skeleton (D:8)
  7 giant geckos
  111 orcs
  4 bats
  3 giant cockroaches
  8 goblins
  4 hobgoblins
  9 jackals
  3 kobolds
  5 quokkas
  A giant newt (D:4)
  4 rats
  A fungus (D:4)
324 creatures vanquished.

Vanquished Creatures (others)
  An orc (D:10)
  2 plants (D:10)
3 creatures vanquished.

Grand Total: 327 creatures vanquished

Notes
Turn   | Place    | Note
--------------------------------------------------------------
     0 | D:1      | brucemayne the Demonspawn Berserker began the quest for the Orb.
     0 | D:1      | Reached XP level 1. HP: 18/18 MP: 1/1
    77 | D:2      | Noticed a moth of wrath
   125 | D:2      | Gained mutation: You have a pair of small antennae on your head. [demonic ancestry]
   125 | D:2      | Reached XP level 2. HP: 18/24 MP: 2/2
   300 | D:4      | Gained mutation: You have a pair of antennae on your head. [demonic ancestry]
   300 | D:4      | Reached XP level 3. HP: 29/29 MP: 3/3
   301 | D:4      | Reached skill level 4 in Axes
   305 | D:4      | Gained mutation: You regenerate a little health from kills. [demonic ancestry]
   305 | D:4      | Reached XP level 4. HP: 28/35 MP: 4/4
   396 | D:5      | Entered Level 5 of the Dungeon
   420 | D:5      | Found Nedapifu's Weapon Shoppe.
   431 | D:5      | Noticed Prince Ribbit
   457 | D:4      | Reached ** piety under Trog
   487 | D:4      | Noticed a scorpion
   492 | D:4      | Killed a scorpion
   492 | D:4      | Reached skill level 5 in Axes
   514 | D:4      | Gained mutation: You regenerate health from kills. [demonic ancestry]
   514 | D:4      | Reached XP level 5. HP: 33/41 MP: 5/5
   591 | D:4      | Noticed Duvessa
   593 | D:4      | Noticed Dowan
   600 | D:4      | Killed Duvessa
   600 | D:4      | Reached skill level 6 in Axes
   600 | D:4      | Gained mutation: You are partially covered in rugged brown scales (AC +1, +3% HP). [demonic ancestry]
   600 | D:4      | Reached XP level 6. HP: 48/48 MP: 6/6
   651 | D:4      | Noticed a phantom
   696 | D:4      | Killed a phantom
   719 | D:4      | Noticed an ogre
   734 | D:4      | Killed an ogre
   734 | D:4      | Reached skill level 7 in Axes
   734 | D:4      | Gained mutation: You are slightly more attuned to the shadows. [demonic ancestry]
   734 | D:4      | Reached XP level 7. HP: 40/53 MP: 7/7
   790 | D:4      | Killed Dowan
   835 | D:4      | Found a radiant altar of Vehumet.
   927 | D:5      | Killed Prince Ribbit
   927 | D:5      | Reached skill level 8 in Axes
   993 | D:6      | Found a staircase to the Ecumenical Temple.
  1023 | D:6      | Found a glowing golden altar of the Shining One.
  1053 | D:6      | Noticed Blork the orc
  1085 | Temple   | Entered the Ecumenical Temple
  1111 | D:6      | Reached skill level 9 in Axes
  1111 | D:6      | Reached XP level 8. HP: 30/59 MP: 8/8
  1114 | D:6      | Killed Blork the orc
  1319 | D:5      | Noticed Sigmund
  1344 | D:5      | Noticed a centaur
  1349 | D:5      | Killed Sigmund
  1355 | D:5      | Killed a centaur
  1355 | D:5      | Reached skill level 10 in Axes
  1362 | D:4      | Noticed a phantom
  1556 | D:10     | Entered Level 10 of the Dungeon
  1584 | D:10     | Noticed Joseph
  1613 | D:10     | Killed Joseph
  1613 | D:10     | Reached XP level 9. HP: 40/64 MP: 9/9
  1881 | D:9      | Found a white marble altar of Elyvilon.
  1921 | D:9      | Found Tebotykk's Book Shop.
  1924 | D:9      | Found a glowing silver altar of Zin.
  1953 | D:9      | Noticed a centaur zombie
  1973 | D:9      | Killed a centaur zombie
  1973 | D:9      | Reached skill level 11 in Axes
  2277 | D:10     | Reached skill level 12 in Axes
  2313 | D:10     | Reached *** piety under Trog
  2322 | D:10     | Reached skill level 5 in Fighting
  2322 | D:10     | Gained mutation: You are mostly covered in rugged brown scales (AC +2, +5% HP). [demonic ancestry]
  2322 | D:10     | Reached XP level 10. HP: 70/77 MP: 10/10
  2701 | D:11     | Found a flagged portal.
  2715 | Bailey   | Entered a bailey
  2733 | Bailey   | Reached **** piety under Trog
  2751 | Bailey   | Noticed patman's ghost (novice CeAM)
  2780 | Bailey   | Killed patman's ghost
  2960 | D:12     | Reached skill level 13 in Axes
  3023 | D:12     | Noticed a cyclops
  3050 | D:12     | Killed a cyclops
  3243 | D:12     | Noticed Snorg
  3257 | D:12     | Killed Snorg
  3257 | D:12     | Gained mutation: You regenerate a lot of health from kills. [demonic ancestry]
  3257 | D:12     | Reached XP level 11. HP: 88/88 MP: 11/11
  3367 | D:10     | Found a staircase to the Lair.
  3448 | D:10     | Reached skill level 14 in Axes
  3490 | D:10     | Found a portal to a secret trove of treasure.
  3572 | D:10     | Noticed Erica
  3642 | D:10     | Killed Erica
  4071 | D:12     | Noticed Duffy's ghost (journeyman TeMo)
  4130 | D:12     | Noticed a hill giant
  4152 | D:12     | Killed a hill giant
  4213 | D:12     | Paralysed by a wasp for 2 turns
  4233 | D:12     | Noticed a cyan ugly thing
  4248 | D:12     | Killed a cyan ugly thing
  4256 | D:12     | Gained mutation: Your mind is acute. (Int +2) [mutagenic meat]
  4286 | D:12     | Got a sparkling amber ring
  4287 | D:12     | Identified the ring "Yseeleep" {rF+ Int+4} (You took it off a crimson imp on level 12 of the Dungeon)
  4444 | D:10     | Found a staircase to the Orcish Mines.
  4453 | Orc:1    | Entered Level 1 of the Orcish Mines
  4467 | Orc:1    | Reached ***** piety under Trog
  4524 | Orc:2    | Received a gift from Trog
  4527 | Orc:2    | Reached skill level 15 in Axes
  4785 | Orc:3    | Found a staircase to the Elven Halls.
  4827 | Orc:4    | Entered Level 4 of the Orcish Mines
  5000 | Orc:3    | Received a gift from Trog
  5165 | Orc:4    | HP: 3/88 [orc warrior/short sword (14)]
  5190 | Orc:4    | HP: 3/88 [orc knight/great sword (13)]
  5195 | Orc:4    | Mangled by an orc warrior

Vault maps used:
D:1:      minmay_arrival_cross, nemelex_deck
D:2:      tgw_trog, first_bread, uniq_robin
D:3:      minmay_distorted
D:4:      vehumet_altar_wand_db, grunt_ministairs_6,
          kennysheep_cross_bottleneck, minmay_gold_behind_fungi, uniq_duvessa
D:5:      serial_shops, shop, uniq_prince_ribbit1, uniq_sigmund
D:6:      overflow_temple_1_default, minmay_temple_entry_trees,
          uniq_blork_the_orc
D:7:      grunt_livestock
D:9:      old_standard_altar, gammafunk_temple_overflow_pools, zin_treasury,
          serial_shops, shop, st_stairs_2
D:10:     minmay_lair_entry_grove, trove_entry_hex_spiral,
          hangedman_abyss_or_decor_stabs, uniq_erica, uniq_joseph
D:11:     enter_bailey_7
D:12:     nrook_uturn, uniq_snorg
D:13:     minmay_octo_star, grunt_vaults_entry_tiered, tgw_lugonu_bribe
Temple:   circular_temple_12
Orc:1:    statue_in_the_mist_lemuel
Orc:3:    nicolae_orc_pool_cavern, uniq_erolcha
Orc:4:    pf_orc_diabolical, bh_open_orc_temple
Bailey:   bailey_axe_1, bailey

Action                   |  1- 3 |  4- 6 |  7- 9 | 10-12 || total
-------------------------+-------+-------+-------+-------++-------
Melee: Hand axe          |    53 |   107 |   416 |       ||   576
       Whip              |       |       |    22 |       ||    22
       War axe           |       |       |    36 |   752 ||   788
Throw: Throwing net      |       |     2 |       |       ||     2
Invok: Berserk           |     1 |     2 |    12 |     5 ||    20
       Trog's Hand       |       |     1 |     6 |     6 ||    13
       Brothers in Arms  |       |       |       |     1 ||     1
Evoke: Wand              |       |       |     3 |       ||     3
  Use: Scroll            |       |     5 |     2 |     9 ||    16
       Potion            |       |       |     2 |     1 ||     3
 Stab: Sleeping          |       |       |     1 |       ||     1
  Eat: Beef jerky        |       |     1 |     1 |     2 ||     4
       Bread ration      |       |       |     2 |       ||     2
       Chunk             |       |       |     4 |    18 ||    22
       Meat ration       |       |       |     1 |     1 ||     2
